 Dungeon Crawl Stone Soup version 0.16-a0-4078-g0e80503 (webtiles) character file.

1043 Psiweapon the Fighter (level 8, -6/92 HPs)
             Began as an Ogre Hunter on Feb 21, 2015.
             Was an Initiate of Makhleb.
             Succumbed to Chiseanne's ghost's poison
             ... on level 5 of the Dungeon on Feb 22, 2015.
             The game lasted 00:22:03 (5606 turns).

Psiweapon the Fighter (Ogre Hunter)                 Turns: 5606, Time: 00:22:03

Health: -6/92      AC:  5    Str: 18    XL:     8   Next: 25%
Magic:  8/8        EV: 10    Int: 10    God:    Makhleb [......]
Gold:   239        SH:  0    Dex: 12    Spells: 0 memorised, 7 levels left

rFire  . . .     SeeInvis .     B - +0 giant spiked club
rCold  . . .     Clarity  .     p - +0 robe
rNeg   . . .     SustAb   .     (shield restricted)
rPois  .         Gourm    .     (helmet restricted)
rElec  .         Spirit   .     x - +1 cloak
rCorr  .         Warding  .     (gloves unavailable)
rMut   .         Stasis   +     (boots unavailable)
MR     .....                    n - amulet of stasis
Stlth  +.........               (no ring)
                                (no ring)

@: lethally poisoned (-6 -> -70), not resistant to hostile enchantments, very
unstealthy
A: unfitting armour, tough skin 1
a: Renounce Religion


You were on level 5 of the Dungeon.
You worshipped Makhleb.
Makhleb was noncommittal.
You were hungry.

You visited 2 branches of the dungeon, and saw 6 of its levels.

You collected 239 gold pieces.

Inventory:

Hand weapons
 a - a +0 short sword
 u - a +0 hand crossbow
 v - a +1 whip of freezing
 B - a +0 giant spiked club (weapon)
Missiles
 b - 3 large rocks (quivered)
 c - 2 throwing nets
 l - 106 stones
 q - 25 poisoned needles
 C - 4 tomahawks
Armour
 d - a +0 animal skin
 i - a +0 cloak
 p - a +0 robe (worn)
 x - a +1 cloak (worn)
Jewellery
 n - an amulet of stasis (around neck)
 o - an uncursed ring of ice
Scrolls
 e - a scroll of fear {unknown}
 j - 6 scrolls of identify {unknown}
 m - a scroll of magic mapping {unknown}
 t - a scroll of remove curse {unknown}
 y - 2 scrolls of teleportation {unknown}
 D - a scroll of enchant weapon {unknown}
Potions
 k - a potion of haste {unknown}
 r - a potion of beneficial mutation {unknown}
 s - a potion of invisibility {unknown}
 z - a potion of magic
 A - a potion of cure mutation
 E - a potion of poison {unknown}
 G - a potion of mutation {unknown}
Comestibles
 f - a meat ration
 g - 3 beef jerkies
 h - 5 bread rations
 F - 6 chunks of flesh


   Skills:
 + Level 9.0 Fighting
 + Level 7.2 Maces & Flails
 - Level 5.1 Throwing
 - Level 2.8 Dodging
 - Level 0.7 Stealth


You had 7 spell levels left.
You didn't know any spells.

Dungeon Overview and Level Annotations

Branches:
Dungeon (5/15)             Temple (1/1) D:5

Altars:
Ashenzari
Cheibriados
Dithmenos
Elyvilon
Gozag
Kikubaaqudgha
Makhleb
Nemelex Xobeh
Okawaru
Ru
Sif Muna
Trog
Vehumet
Xom
Yredelemnul
Zin
The Shining One

Annotations:
D:5 Chiseanne's ghost, experienced DsMo


Innate Abilities, Weirdness & Mutations

You are too large for most types of armour.
You have tough skin (AC +1).


Message History

* * * LOW HITPOINT WARNING * * *
You are more poisoned.
You closely miss Chiseanne's ghost.
Chiseanne's ghost is severely damaged.
* * * LOW HITPOINT WARNING * * *
You feel extremely sick. Chiseanne's ghost hits you.
* * * LOW HITPOINT WARNING * * *
Chiseanne's ghost hits you but does no damage.
You are more poisoned.
You closely miss Chiseanne's ghost.
Chiseanne's ghost is severely damaged.
* * * LOW HITPOINT WARNING * * *
You feel very sick. Chiseanne's ghost hits you.
* * * LOW HITPOINT WARNING * * *
You are more poisoned.
You miss Chiseanne's ghost.
Chiseanne's ghost is severely damaged.
You die...

. #.# #.# .###.#
#.# ..##.# #.#
#..รท.# #.#
..#######.#
..........####
.............#
.##.########.######
# #.# #.......@.#
#.## #.##.####W#
#..# # #.# (#
###.#.# #.# .#
...###.# #.# .#
#.## #.. ... .#
.#.## ##. #.. .#
....# ##.. .#
..##.# . .


You could see Chiseanne's ghost.

Vanquished Creatures
  The ghost of hornqvist the Chopper, an average HOFi (D:4)
  2 ogres
  Duvessa (D:5)
  2 jellies
  Dowan (D:5)
  2 crimson imps
  2 orc priests (D:4)
  A gnoll shaman (D:5)
  A hound (D:4)
  3 worker ants (D:4)
  5 orc wizards
  7 adders
  A shadow imp (D:5)
  A worm (D:2)
  3 giant geckos
  2 oozes (D:4)
  11 orcs
  7 bats
  4 giant cockroaches
  5 hobgoblins
  13 jackals
  8 kobolds
  A quokka (D:4)
  6 giant newts
  10 goblins
  8 rats
108 creatures vanquished.

Notes
Turn   | Place    | Note
--------------------------------------------------------------
     0 | D:1      | Psiweapon, the Ogre Hunter, began the quest for the Orb.
     0 | D:1      | Reached XP level 1. HP: 22/22 MP: 1/1
    50 | D:1      | Reached XP level 2. HP: 13/31 MP: 2/2
   630 | D:1      | Reached XP level 3. HP: 26/39 MP: 3/3
  1350 | D:2      | Upgraded the game from 0.16-a0-4060-g00983b4 to 0.16-a0-4078-g0e80503
  1425 | D:2      | Reached XP level 4. HP: 40/49 MP: 4/4
  1890 | D:2      | Found a white marble altar of Elyvilon.
  2870 | D:3      | Reached skill level 5 in Fighting
  2993 | D:3      | Reached skill level 5 in Throwing
  2993 | D:3      | Reached XP level 5. HP: 39/57 MP: 5/5
  3363 | D:4      | Reached skill level 1 in Maces & Flails
  3813 | D:4      | Reached XP level 6. HP: 45/67 MP: 6/6
  3948 | D:4      | Reached skill level 6 in Fighting
  4181 | D:4      | Found a runed door.
  4421 | D:4      | Noticed hornqvist's ghost (average HOFi)
  4426 | D:4      | Killed hornqvist's ghost
  4426 | D:4      | Reached skill level 7 in Fighting
  4426 | D:4      | Reached XP level 7. HP: 19/78 MP: 7/7
  4812 | D:4      | Noticed an ogre
  4818 | D:4      | Killed an ogre
  4818 | D:4      | Reached skill level 5 in Maces & Flails
  5174 | D:5      | Entered Level 5 of the Dungeon
  5186 | D:5      | Reached skill level 8 in Fighting
  5258 | D:5      | Found a staircase to the Ecumenical Temple.
  5264 | Temple   | Entered the Ecumenical Temple
  5298 | Temple   | Became a worshipper of Makhleb the Destroyer
  5384 | D:5      | Reached XP level 8. HP: 60/89 MP: 8/8
  5429 | D:5      | Noticed Duvessa
  5437 | D:5      | Noticed Dowan
  5454 | D:5      | Killed Duvessa
  5462 | D:5      | Killed Dowan
  5462 | D:5      | Reached skill level 9 in Fighting
  5588 | D:5      | Noticed Chiseanne's ghost (experienced DsMo)
  5600 | D:5      | HP: 4/92 [Chiseanne's ghost (3)]
  5605 | D:5      | HP: 2/92 [Chiseanne's ghost (4)]
  5606 | D:5      | Succumbed to Chiseanne's ghost's poison

Action                   |  1- 3 |  4- 6 |  7- 9 || total
-------------------------+-------+-------+-------++-------
Melee: Short sword       |   162 |   112 |       ||   274
       Whip              |       |   109 |     9 ||   118
       Giant spiked club |       |       |   103 ||   103
Throw: Large rock        |     9 |    20 |    13 ||    42
       Stone             |     7 |    82 |     1 ||    90
       Throwing net      |       |     2 |       ||     2
  Use: Potion            |       |       |     5 ||     5
 Stab: Sleeping          |     1 |       |       ||     1
  Eat: Chunk             |     2 |     9 |     4 ||    15
